 Dungeon Crawl Stone Soup version 0.17-a0-1910-g4c791fa (webtiles) character file.

55 derrpe the Conjurer (level 3, -3/20 HPs)
             Began as a Deep Elf Conjurer on Sept 25, 2015.
             Slain by a giant gecko (4 damage)
             ... on level 2 of the Dungeon.
             The game lasted 00:01:55 (1122 turns).

derrpe the Conjurer (Deep Elf Conjurer)             Turns: 1122, Time: 00:01:55

Health: -3/20      AC:  2    Str:  5    XL:     3   Next: 67%
Magic:  0/10       EV: 13    Int: 20    God:
Gold:   79         SH:  0    Dex: 15    Spells: 3 memorised, 4 levels left

rFire  . . .     SeeInvis .     l - +0 short sword
rCold  + . .     Clarity  .     a - +0 robe
rNeg   . . .     SustAt   .     (no shield)
rPois  .         Gourm    .     (no helmet)
rElec  .         Spirit   .     (no cloak)
rCorr  .         Warding  .     (no gloves)
rMut   .         Stasis   .     (no boots)
MR     .....                    (no amulet)
Stlth  ++........               (no ring)
                                e - ring of protection from cold

@: not resistant to hostile enchantments, unstealthy
A: no striking features
a: no special abilities


You were on level 2 of the Dungeon.
You were hungry.

You visited 1 branch of the dungeon, and saw 2 of its levels.

You collected 79 gold pieces.

Inventory:

Hand weapons
 l - a +0 short sword (weapon)
Missiles
 j - 18 bolts
Armour
 a - a +0 robe (worn)
Jewellery
 e - a ring of protection from cold (left hand)
Scrolls
 f - 3 scrolls of random uselessness {unknown}
 g - 2 scrolls of enchant weapon {unknown}
 i - a scroll of magic mapping {unknown}
 k - a scroll of fog {unknown}
 m - a scroll of remove curse {unknown}
 p - a scroll of identify {unknown}
Potions
 d - a potion of brilliance {unknown}
 n - a potion of agility {unknown}
Books
 b - a book of Conjurations

   Spells                             Type                      Level
   a - Magic Dart                     Conjuration                  1
   b - Searing Ray                    Conjuration                  2
   c - Dazzling Spray                 Conjuration/Hexes            3
   d - Fulminant Prism                Conjuration/Hexes            4
   e - Iskenderun's Mystic Blast      Conjuration                  4
   f - Iskenderun's Battlesphere      Conjuration/Charms           5
Comestibles
 c - 2 bread rations {@e1}
 h - a slice of pizza
 o - a chunk of flesh {@w0}


   Skills:
 + Level 0.4 Fighting
 + Level 2.7 Dodging
 - Level 2.4 Stealth
 + Level 4.0 Spellcasting
 - Level 5.1 Conjurations
 + Level 1.0 Hexes


You had 4 spell levels left.
You knew the following spells:

 Your Spells              Type           Power        Failure   Level  Hunger
a - Magic Dart            Conj           ###.         1%          1    None
b - Searing Ray           Conj           ###...       2%          2    #......
c - Dazzling Spray        Conj/Hex       ###.....     12%         3    ###....


Dungeon Overview and Level Annotations

Branches:
Dungeon (2/15)

Altars:

Annotations:
D:2 Sigmund


Message History

Press: ? - help, Shift-Dir - straight line, f - Sigmund
Aim: Sigmund, wielding an enchanted scythe and wearing a robe The spray of energy hits Sigmund.
Sigmund is moderately wounded.
Sigmund is dazzled.
You are feeling hungry.
Sigmund casts a spell at you. The puff of flame hits you! Sigmund misses you.
You see here an adder corpse.
You hit Sigmund.
Sigmund is moderately wounded.
A giant gecko comes into view.
You hit Sigmund.
Sigmund is moderately wounded.
Sigmund is no longer blind.
Sigmund hits you with an enchanted scythe!
* * * LOW HITPOINT WARNING * * *
The giant gecko bites you.
You die...

#..## #.... #.### #.#
#.# ################.#
##..............#.###
##..l............'....
#...@@.†.........#####
#....##############
#... #.. ##


You could see Sigmund and a giant gecko.

Vanquished Creatures
  2 adders (D:2)
  An ooze (D:1)
  2 giant geckos (D:1)
  A ball python (D:1)
  4 bats
  2 giant cockroaches (D:1)
  A goblin (D:1)
  7 hobgoblins
  A kobold (D:2)
  A giant newt (D:1)
  6 rats
28 creatures vanquished.

Notes
Turn   | Place    | Note
--------------------------------------------------------------
     0 | D:1      | derrpe the Deep Elf Conjurer began the quest for the Orb.
     0 | D:1      | Reached XP level 1. HP: 10/10 MP: 6/6
   145 | D:1      | Reached XP level 2. HP: 9/15 MP: 1/8
   448 | D:1      | Learned a level 2 spell: Searing Ray
   545 | D:1      | Reached skill level 5 in Conjurations
   664 | D:1      | Reached XP level 3. HP: 19/19 MP: 2/10
   926 | D:1      | Learned a level 3 spell: Dazzling Spray
  1113 | D:2      | Noticed Sigmund
  1116 | D:2      | Reached skill level 1 in Hexes
  1122 | D:2      | HP: 1/20 [Sigmund/enchanted scythe (9)]
  1122 | D:2      | Slain by a giant gecko

Vault maps used:
D:1:      minmay_arrival_stair_chambers
D:2:      elyvilon_altar_4, lemuel_coloured_pillars_altar,
          gammafunk_temple_overflow_statue, old_standard_altar, nrook_uturn,
          minivault_19, uniq_sigmund

Action                   || total
-------------------------++-------
Melee: Unarmed           ||     2
       Club              ||     5
       Short sword       ||     2
 Cast: Magic Dart        ||    61
       Dazzling Spray    ||     1
